Map: Torches LE

Players

SKillous

  • Race: Protoss Protoss
  • League: Master
  • Spawn Location: 1:00

LiquidClem (Clem) - Winner!

  • Race: Terran Terran
  • Spawn Location: 5:00

Event: FEL Cracov 2025

VOD

Have the link to the VOD?

Description

Time

  • Played on: July 27, 2025, 11:15 a.m.
  • Length: 7:45

All games in this series

Show
View Real Time Build Order
Export as new Build Order

SKillous Protoss 

Build Orders: 1 Gate Expand, Phoenix Opening 

Get SALT Encoding   

  12  0:00  Probe  
  13  0:12  Probe  
  14  0:17  Pylon  
  14  0:24  Probe  
  15  0:32  Probe  
  15  0:37  Gateway  
  15  0:40  Probe  
  16  0:46  Assimilator  
  17  0:50  Probe  
  18  1:03  Probe  
  19  1:19  Nexus  
  19  1:28  Cybernetics Core  
  19  1:31  Probe  
  20  1:36  Assimilator  
  20  1:43  Probe  
  21  1:48  Pylon  
  21  1:54  Stalker  
  21  1:55  Probe  
  22  2:05  Warp Gate  
  22  2:07  Probe  
  25  2:19  Probe  
  26  2:23  Sentry, Phoenix  
  26  2:27  Probe  
  28  2:32  Probe  
  28  2:36  Probe  
  30  2:41  Twilight Council  
  30  2:43  Shield Battery  
  30  2:44  Probe  
  32  2:46  Probe  
  32  2:49  Stalker  
  33  2:56  Probe  
  36  2:59  Probe  
  36  3:05  Gateway  
  37  3:08  Probe  
  37  3:11  Probe  
  39  3:15  Charge  
  39  3:20  Probe  
  39  3:23  Probe  
  41  3:28  Robotics Facility  
  41  3:30  Pylon  
  41  3:31  Probe  
  41  3:32  Probe  
  42  3:39  Probe  
  43  3:44  Probe  
  45  3:49  Probe  
  45  3:53  Stalker  
  45  3:54  Shield Battery  
  48  3:56  Probe  
  48  4:00  Stalker  
  48  4:01  Probe  
  47  4:15  Observer  
  47  4:16  Stalker  
  47  4:22  Nexus  
  47  4:23  Probe x2  
  49  4:28  Pylon  
  49  4:30  Observer  
  49  4:33  Gateway  
  49  4:34  Gateway  
  49  4:35  Probe x2  
  49  4:37  Assimilator  
  52  4:46  Forge  
  52  4:47  Probe x2  
  52  4:49  Blink  
  52  4:50  Observer  
  52  4:52  Observer  
  54  4:54  Zealot  
  54  4:55  Zealot  
  54  4:58  Observer  
  59  5:00  Probe x2  
  59  5:06  Pylon  
  61  5:12  Probe  
  62  5:19  Probe  
  61  5:24  Probe  
  61  5:27  Stalker x2  
  66  5:31  Probe  
  67  5:36  Probe x2  
  68  5:43  Probe  
  68  5:46  Zealot x2  
  68  5:47  Probe  
  68  5:48  Probe  
  71  5:53  Stalker x2  
  71  5:55  Probe x2  
  76  6:00  Probe  
  78  6:07  Probe  
  78  6:09  Probe  
  79  6:13  Probe  
  79  6:15  Pylon  
  79  6:16  Gateway  
  81  6:18  Gateway  
  81  6:19  Pylon  
  81  6:22  Gateway  
  81  6:23  Gateway  
  81  6:27  Sentry  
  81  6:28  Pylon  
  82  6:38  Zealot x3, Robotics Bay  
  88  6:41  Probe  
  88  6:46  Observer  
  89  6:50  Nexus  
  89  6:51  Pylon  
  89  6:53  Zealot  
  91  6:59  Zealot  
  91  7:00  Zealot x2  
  90  7:08  Probe  
  90  7:13  Zealot x2  
  95  7:18  Zealot  
  95  7:19  Zealot x2  
  87  7:23  Zealot x2  
  89  7:33  Stalker x2  
Show
View Real Time Build Order
Export as new Build Order

LiquidClem Terran - Winner!

Build Orders: 1/1/1, Cyclone Opening 

Get SALT Encoding   

  12  0:00  SCV  
  13  0:12  SCV  
  14  0:17  Supply Depot  
  14  0:24  SCV  
  15  0:38  SCV  
  15  0:39  Barracks  
  16  0:43  Refinery  
  16  0:50  SCV  
  16  0:52  Refinery  
  17  1:02  SCV  
  18  1:15  SCV  
  19  1:26  Reaper  
  19  1:27  Orbital Command  
  19  1:31  Supply Depot  
  20  1:40  Factory  
  20  1:52  SCV  
  21  1:58  Barracks Reactor  
  21  2:05  SCV  
  22  2:17  SCV  
  22  2:21  Command Center  
  23  2:28  Starport  
  23  2:30  SCV  
  23  2:33  Factory Tech Lab  
  24  2:42  SCV  
  24  2:43  Supply Depot  
  25  2:45  Marine  
  25  2:48  Marine  
  27  2:56  Cyclone  
  30  3:01  SCV  
  31  3:06  Medivac  
  31  3:08  Marine  
  31  3:11  Marine  
  35  3:15  SCV  
  36  3:26  Marine  
  38  3:27  SCV  
  38  3:29  Marine  
  39  3:37  Factory Tech Lab  
  39  3:40  SCV  
  40  3:41  Supply Depot  
  40  3:45  Cloaking Field  
  40  3:46  Banshee  
  43  3:52  Orbital Command  
  43  3:56  SCV  
  44  4:06  Marine x2  
  44  4:08  SCV  
  46  4:14  Siege Tank  
  48  4:19  SCV  
  48  4:20  SCV  
  50  4:27  Marine x2  
  50  4:28  Supply Depot  
  50  4:31  SCV  
  50  4:32  Banshee  
  50  4:36  SCV  
  54  4:41  Barracks  
  54  4:43  SCV  
  55  4:47  Marine x2  
  55  4:48  SCV  
  55  4:51  Siege Tank  
  61  4:55  Supply Depot  
  61  4:56  SCV  
  62  5:01  Barracks  
  62  5:02  SCV  
  63  5:08  Marine x2  
  63  5:09  SCV  
  66  5:14  SCV  
  66  5:20  Bunker  
  67  5:21  SCV  
  67  5:23  Engineering Bay  
  67  5:24  Refinery  
  67  5:26  Marine  
  67  5:27  SCV, Supply Depot, Banshee  
  73  5:33  SCV  
  73  5:34  Marine  
  75  5:39  Stimpack, SCV  
  75  5:40  Supply Depot, Factory Reactor  
  78  5:43  Marauder  
  78  5:48  Marine  
  78  5:49  SCV  
  79  5:51  SCV  
  79  5:53  Marine  
  79  5:56  Supply Depot  
  80  5:57  Refinery  
  82  6:04  Marauder  
  82  6:05  SCV x2  
  82  6:06  Marine  
  82  6:10  Marine  
  86  6:18  Supply Depot, Starport Reactor, Widow Mine x2  
  90  6:20  Marauder  
  90  6:24  Marine  
  95  6:25  Marauder  
  95  6:28  Marine  
  96  6:35  Command Center  
  96  6:41  Marauder  
  96  6:42  Widow Mine x2  
  96  6:43  Marine  
  96  6:46  Marine  
  106  6:47  Marauder  
  106  6:48  Supply Depot  
  106  6:49  Concussive Shells  
  106  6:56  Medivac  
  106  6:58  Barracks  
  106  6:59  Medivac  
  110  7:10  Marine, Widow Mine x2  
  110  7:11  Marauder  
  110  7:13  Marine  
  117  7:17  Marauder  
  117  7:18  Supply Depot  
  115  7:23  Barracks  
  115  7:26  Supply Depot  
  115  7:29  SCV, Supply Depot  
Tags
 
Add a new tag
Caveats
  • Supply blocks, unpowered buildings, or Contaminate may cause inaccurate times.
  • Supply counts are checked every 10 seconds.